 Dungeon Crawl Stone Soup version 0.18.1-48-g4cf74bf (webtiles) character file.

86 poirepourri the Grave Robber (level 4, -6/24 HPs)
             Began as a Deep Elf Necromancer on July 8, 2016.
             Killed from afar by a hobgoblin (30 damage)
             ... with an exploding inner flame
             ... hexed by the player character
             ... on level 2 of the Dungeon.
             The game lasted 00:03:49 (2881 turns).

poirepourri the Grave Robber (Deep Elf Necromancer) Turns: 2881, Time: 00:03:50

Health: -6/24      AC:  2    Str:  5    XL:     4   Next: 27%
Magic:  11/12      EV: 13    Int: 21    God:
Gold:   95         SH:  0    Dex: 15    Spells: 4 memorised, 4 levels left

rFire  . . .     SeeInvis .     (no weapon)
rCold  . . .     Gourm    .     a - +0 robe
rNeg   . . .     Faith    .     (no shield)
rPois  .         Spirit   .     (no helmet)
rElec  .         Dismiss  .     (no cloak)
rCorr  .         Reflect  .     (no gloves)
SustAt .         Harm     .     (no boots)
MR     .....                    (no amulet)
Stlth  ++........               (no ring)
                                (no ring)

@: not resistant to hostile enchantments, unstealthy
A: no striking features
a: no special abilities


You were on level 2 of the Dungeon.
You were not hungry.

You visited 1 branch of the dungeon, and saw 2 of its levels.

You collected 95 gold pieces.

Inventory:

Armour
 a - a +0 robe (worn)
Scrolls
 d - a scroll of teleportation
Potions
 c - a potion of flight {unknown}
 g - a potion of invisibility {unknown}
 h - a potion of curing {unknown}
Books
 b - a book of Necromancy

   Spells                             Type                      Level
   a - Pain                           Necromancy                   1
   b - Animate Skeleton               Necromancy                   1
   c - Vampiric Draining              Necromancy                   3
   d - Regeneration                   Charms/Necromancy            3
   e - Animate Dead                   Necromancy                   4
   f - Control Undead                 Necromancy                   4


   Skills:
 + Level 2.7 Dodging
 - Level 2.5 Stealth
 + Level 4.7 Spellcasting
 + Level 5.9 Necromancy


You had 4 spell levels left.
You knew the following spells:

 Your Spells              Type           Power        Failure   Level  Hunger
a - Pain                  Necr           ####         1%          1    None
b - Animate Skeleton      Necr           N/A          1%          1    None
c - Vampiric Draining     Necr           ####......   2%          3    ##.....
d - Regeneration          Chrm/Necr      ###.......   12%         3    ##.....


Dungeon Overview and Level Annotations

Branches:
Dungeon (2/15)

Altars:


Message History

Read which item? (? for menu, Esc to quit)
As you read the scroll labeled DIATE USUI, it crumbles to dust.
It is a scroll of amnesia.
Forget which spell ([?*] list [ESC] exit)?
Forget which spell ([?*] list [ESC] exit)?
Okay, then.
Read which item? (? for menu, Esc to quit)
As you read the scroll labeled LUPU JUWNIMAUS, it crumbles to dust.
The creatures around you are filled with an inner flame!
It was a scroll of immolation.
The hobgoblin barely misses you.
Casting: Pain
Confirm with . or Enter, or press ? or * to list all spells.
Aiming: Pain
Press: ? - help, Shift-Dir - straight line, f - hobgoblin
Aim: a hobgoblin, wielding a club (inner flame, chance to defeat MR: 96%)
The hobgoblin convulses in agony!
The hobgoblin explodes!
The fiery explosion engulfs you!
Ouch! That really hurt!
You die...

#.## #.....# #.##########.#
### ####...## #.........##.#
#...#.## #########.##.#
#.###..# ####.##.. ####.####
#>......# #.......###
#####.##.##.# #.##......#
..>.##.##..... ..
#.......##§....##.#####)#
#....#......@§§....##.#####.#
#.####......##§.....#.......#
#......# .....#########
#.###### .##. #. # ..


There were no monsters in sight!

Vanquished Creatures
  2 adders (D:2)
  A gnoll (D:1)
  3 worms (D:2)
  A dart slug (D:1)
  2 giant geckos
  3 giant cockroaches
  5 goblins (D:1)
  4 hobgoblins
  3 jackals
  2 quokkas (D:2)
  A ball python (D:2)
  6 bats
  3 giant newts (D:1)
  2 kobolds
  9 rats
47 creatures vanquished.

Notes
Turn   | Place    | Note
--------------------------------------------------------------
     0 | D:1      | poirepourri the Deep Elf Necromancer began the quest for the Orb.
     0 | D:1      | Reached XP level 1. HP: 10/10 MP: 6/6
   238 | D:1      | Reached skill level 5 in Necromancy
   277 | D:1      | Reached XP level 2. HP: 9/15 MP: 2/8
  1608 | D:1      | Reached XP level 3. HP: 17/19 MP: 6/10
  1722 | D:2      | Learned a level 1 spell: Animate Skeleton
  1728 | D:2      | Learned a level 3 spell: Vampiric Draining
  1732 | D:2      | Learned a level 3 spell: Regeneration
  2396 | D:2      | Reached XP level 4. HP: 17/24 MP: 6/12
  2881 | D:2      | Killed from afar by a hobgoblin

Skill      XL: |  1  2  3 |
---------------+----------+-----
Necromancy     | 5 |  5.9
Spellcasting   | 4 |  4.7
Dodging        | |  2.7
Stealth        | |  2.5

Action                   |  1- 3 |  4- 6 || total
-------------------------+-------+-------++-------
Melee: Unarmed           |     1 |       ||     1
 Cast: Pain              |    74 |    19 ||    93
  Use: Scroll            |     1 |     2 ||     3
       Potion            |     1 |     1 ||     2
  Eat: Bread ration      |     1 |       ||     1
       Meat ration       |       |     1 ||     1
Armor: Robe              |     1 |     1 ||     2
Dodge: Dodged            |    22 |     5 ||    27
